 Dungeon Crawl Stone Soup version 0.28-a0-94-g325244837d (webtiles) character file.

Game seed: 10762118414814441761

5637 Gargoyl the Fighter (level 10, 0/82 HPs)
             Began as a Gnoll Abyssal Knight on Aug 7, 2021.
             Was a Believer of Lugonu.
             Slain by a six-headed hydra (6 damage)
             ... on level 7 of the Dungeon.
             The game lasted 00:13:01 (8340 turns).

Gargoyl the Fighter (Gnoll Abyssal Knight)          Turns: 8340, Time: 00:13:01

Health: 0/82       AC: 16    Str: 21    XL:     10   Next: 74%
Magic:  18/18      EV: 12    Int: 11    God:    Lugonu [**....]
Gold:   233        SH:  0    Dex: 10    Spells: 20/20 levels left

rFire   . . .      SeeInvis .   q - +2 falchion (flame)
rCold   . . .      Faith    .   (no shield)
rNeg    . . .      Spirit   .   s - +2 scale mail {rPois}
rPois   +          Reflect  +   h - +0 helmet
rElec   .          Harm     .   f - +1 cloak
rCorr   .          Rampage  .   n - +2 pair of gloves
Will    .....                   (no boots)
Stlth   ..........              g - amulet of reflection
HPRegen 0.23/turn               u - +4 ring of slaying
MPRegen 0.16/turn               i - +6 ring of strength

@: confused, ambrosia-drunk, studying Dodging
A: fangs 1, strong nose, distributed training, clumsy 1
a: Renounce Religion, Depart the Abyss, Bend Space


You were on level 7 of the Dungeon.
You worshipped Lugonu.
Lugonu was pleased with you.
You visited 1 branch of the dungeon, and saw 7 of its levels.
You visited the Abyss 5 times.

You collected 433 gold pieces.
You spent 200 gold pieces at shops.

Inventory:

Hand Weapons
 a - a +1 vampiric hand axe
 q - a +2 falchion of flaming (weapon)
 y - the +12 hand axe "Qiawkol" {venom, Int+3}
   (You bought it in a shop on level 1 of the Dungeon)

   It poisons the flesh of those it strikes.
   Int:       It affects your intelligence (+3).
 G - a +1 vorpal trident
Missiles
 b - a throwing net
 c - 2 curare-tipped darts (quivered)
Armour
 f - a +1 cloak (worn)
 h - a +0 helmet (worn)
 n - a +2 pair of gloves (worn)
 r - a +0 chain mail
 s - a +2 scale mail of poison resistance (worn)
Jewellery
 e - a ring of protection from cold
 g - an amulet of reflection (around neck)
 i - a +6 ring of strength (right hand)
 p - a ring of flight
 u - a +4 ring of slaying (left hand)
 A - a +4 ring of slaying
 I - a ring of poison resistance
Wands
 B - a wand of iceblast (8)
 C - a wand of polymorph (8)
 D - a wand of flame (20)
Scrolls
 d - 5 scrolls of identify
 j - 2 scrolls of fear
 l - a scroll of amnesia
 x - 3 scrolls of magic mapping
 F - 2 scrolls of noise
Potions
 k - a potion of attraction {unknown}
 m - a potion of magic {unknown}
 t - 2 potions of curing {unknown}
 E - a potion of mutation {unknown}
 H - 2 potions of berserk rage {unknown}


   Skills:
 + Level 8.7 Fighting
 + Level 5.5 Short Blades
 + Level 5.5 Long Blades
 + Level 7.3 Axes
 + Level 5.5 Maces & Flails
 + Level 5.5 Polearms
 + Level 5.5 Staves
 + Level 5.5 Slings
 + Level 5.5 Bows
 + Level 5.5 Crossbows
 + Level 5.5 Throwing
 + Level 7.3 Armour
 + Level 8.3 Dodging
 + Level 5.5 Stealth
 + Level 5.5 Shields
 + Level 5.5 Unarmed Combat
 + Level 5.5 Spellcasting
 + Level 4.6 Conjurations
 + Level 4.6 Hexes
 + Level 4.6 Summonings
 + Level 4.6 Necromancy
 + Level 4.6 Translocations
 + Level 4.6 Transmutations
 + Level 4.6 Fire Magic
 + Level 4.6 Ice Magic
 + Level 4.6 Air Magic
 + Level 4.6 Earth Magic
 + Level 4.6 Poison Magic
 + Level 7.7 Invocations
 + Level 5.5 Evocations


You had 20 spell levels left.
You didn't know any spells.
Your spell library contained the following spells:

 Spells                   Type           Power      Damage    Failure   Level
 Slow                     Hex            13%        N/A       12%         2
 Confusing Touch          Hex            13%        N/A       22%         3
 Gell's Gravitas          Tloc           6%         N/A       22%         3
 Lesser Beckoning         Tloc           6%         N/A       22%         3
 Teleport Other           Tloc           13%        N/A       22%         3
 Vampiric Draining        Necr           6%         2d6       22%         3


Dungeon Overview and Level Annotations

Branches:
Dungeon (7/15)             Temple (0/1) D:7

Altars:
Gozag
Kikubaaqudgha
Okawaru
Trog
Vehumet
Xom
Yredelemnul
Lugonu

Shops:
D:1 !(*[(   D:4 ?

Portals:
Abyss: D:4


Innate Abilities, Weirdness & Mutations

You have very sharp teeth.
Your uncanny sense of smell can sniff out nearby items.
Your experience applies equally to all skills.
You are clumsy. (Dex -2)


Message History

You feel your power leaking away.
You feel much better.
You block the seven-headed hydra's attack.
The seven-headed hydra bites you but does no damage.
The seven-headed hydra barely misses you.
The seven-headed hydra bites you!
The seven-headed hydra bites you but does no damage. x2
The seven-headed hydra bites you.
The gnoll sergeant hits you but does no damage.
You chop one of the seven-headed hydra's heads off!
The flame cauterises the wound!
You hit the six-headed hydra. You burn the six-headed hydra.
The six-headed hydra is heavily wounded.
The six-headed hydra bites you!
The six-headed hydra bites you but does no damage. x2
The six-headed hydra bites you.
The six-headed hydra bites you but does no damage.
The six-headed hydra misses you.
The gnoll sergeant hits you but does no damage.
You barely miss the six-headed hydra.
The six-headed hydra is heavily wounded.
The six-headed hydra bites you!
The six-headed hydra bites you but does no damage.
The six-headed hydra bites you!
* * * LOW HITPOINT WARNING * * *
The six-headed hydra barely misses you. The six-headed hydra bites you!
* * * LOW HITPOINT WARNING * * *
The six-headed hydra bites you but does no damage.
The gnoll sergeant hits you but does no damage.
Unknown command.
It was a potion of ambrosia.
You are confused.
You feel invigorated. The six-headed hydra bites you.
* * * LOW HITPOINT WARNING * * *
The six-headed hydra bites you but does no damage.
The six-headed hydra barely misses you.
The six-headed hydra closely misses you. x3
The gnoll sergeant hits you but does no damage.
You're too confused to move!
The six-headed hydra bites you.
You die...

##..# #...# ####....#
....# ###.# #.......#
###.# #.# #.#####.#
.##.# #.# #.# #.# #)#(#
#.# #.# #.# .##.# ####
#### #.# ....# #..#
#..####.# ##### ***
##Dg###..##...# #
**,**#@##.g.##.###.# #
*,,,,#..#...#,.# #.# #
*****,**#†|#.g.#∆,# #.#
#
*,,,,,,,#####)##*####.#
# *,***,*** #H####.##.#
# *,***,** #......##.#
#### *,,∆,,,*
######.##.# ...#
*,***,** #.##.# ##.#
###,***** *#######....#


You could see a six-headed hydra and a gnoll sergeant.

Vanquished Creatures
  A boulder beetle (D:7)
  A two-headed ogre (D:7)
  3 starcursed masses (Abyss:2)
  A shining eye (Abyss:2)
  2 centaur zombies
  Joseph (D:7)
  A wraith (D:6)
  Menkaure (D:6)
  A chaos spawn (Abyss:2)
  A small abomination (Abyss:2)
  A water moccasin (D:6)
  3 orc warriors (D:6)
  2 black bears
  A necrophage (D:5)
  An ogre (D:4)
  A phantom (D:4)
  A bullfrog (D:6)
  3 scorpions (D:5)
  A water moccasin zombie (D:6)
  2 water moccasin skeletons (D:5)
  An electric eel (D:6)
  2 hounds (D:6)
  Crazy Yiuf (D:3)
  2 bullfrog skeletons (D:5)
  2 orc priests
  An iguana (D:5)
  2 iron imps
  5 orc wizards (D:6)
  A hound zombie (D:5)
  A hound skeleton (D:2)
  6 gnolls
  An adder (D:3)
  4 white imps
  An ufetubus (D:5)
  An adder skeleton (D:4)
  2 worms
  5 dart slugs
  20 orcs
  11 endoplasms
  6 giant cockroaches
  7 goblins
  4 hobgoblins
  7 jackals (D:4)
  3 quokkas
  4 ball pythons
  4 bats
  13 frilled lizards
  3 kobolds
  12 rats
161 creatures vanquished.

Vanquished Creatures (others)
  A lurking horror (D:4)
  3 plants (D:1)
4 creatures vanquished.

Grand Total: 165 creatures vanquished

Notes
Turn   | Place    | Note
-------+----------+-------------------------------------------
     0 | Abyss:1  | Gargoyl the Gnoll Abyssal Knight began the quest for the
                  | Orb.
     0 | Abyss:1  | Reached XP level 1. HP: 23/23 MP: 3/3
    71 | Abyss:2  | Noticed an angel
    71 | D:1      | Escaped the Abyss
   137 | D:1      | Found Macopiub's Weapon Boutique.
   214 | D:1      | Reached * piety under Lugonu
   215 | D:1      | Reached XP level 2. HP: 29/29 MP: 5/5
   223 | D:1      | Found Piotsoligu's General Store.
   335 | D:1      | Found Iphiol's Antique Weapon Boutique.
   406 | D:1      | Found Ypsal's Antique Armour Boutique.
   485 | D:1      | Found a faded altar of an unknown god.
   743 | D:1      | Found Badeiqa's Distillery.
   808 | D:1      | Reached XP level 3. HP: 34/35 MP: 6/6
  1042 | D:2      | Reached ** piety under Lugonu
  1043 | D:2      | Reached skill level 1 in Short Blades
  1043 | D:2      | Reached skill level 1 in Long Blades
  1043 | D:2      | Reached skill level 1 in Maces & Flails
  1043 | D:2      | Reached skill level 1 in Polearms
  1043 | D:2      | Reached skill level 1 in Staves
  1043 | D:2      | Reached skill level 1 in Slings
  1043 | D:2      | Reached skill level 1 in Bows
  1043 | D:2      | Reached skill level 1 in Crossbows
  1043 | D:2      | Reached skill level 1 in Throwing
  1043 | D:2      | Reached skill level 1 in Stealth
  1043 | D:2      | Reached skill level 1 in Shields
  1043 | D:2      | Reached skill level 1 in Unarmed Combat
  1043 | D:2      | Reached skill level 1 in Spellcasting
  1043 | D:2      | Reached skill level 1 in Evocations
  1116 | D:2      | Reached XP level 4. HP: 39/41 MP: 7/7
  1585 | D:3      | Reached skill level 1 in Conjurations
  1585 | D:3      | Reached skill level 1 in Hexes
  1585 | D:3      | Reached skill level 1 in Summonings
  1585 | D:3      | Reached skill level 1 in Necromancy
  1585 | D:3      | Reached skill level 1 in Translocations
  1585 | D:3      | Reached skill level 1 in Transmutations
  1585 | D:3      | Reached skill level 1 in Fire Magic
  1585 | D:3      | Reached skill level 1 in Ice Magic
  1585 | D:3      | Reached skill level 1 in Air Magic
  1585 | D:3      | Reached skill level 1 in Earth Magic
  1585 | D:3      | Reached skill level 1 in Poison Magic
  1784 | D:3      | Found a runed translucent door.
  1785 | D:3      | Noticed Crazy Yiuf
  2274 | D:3      | HP: 3/61 [Crazy Yiuf (7)]
  2276 | D:3      | Killed Crazy Yiuf
  2277 | D:3      | Reached XP level 5. HP: 4/47 MP: 8/8
  2622 | D:4      | Noticed a black bear
  2624 | D:4      | Noticed a black bear
  2625 | D:4      | Found Kyfionoje's Magic Scroll Shop.
  2650 | D:3      | Killed a black bear
  2651 | D:3      | Reached skill level 5 in Invocations
  2818 | D:4      | Killed a black bear
  2819 | D:4      | Reached skill level 5 in Axes
  2819 | D:4      | Reached skill level 5 in Armour
  2819 | D:4      | Reached XP level 6. HP: 48/53 MP: 9/9
  2912 | D:4      | Found a bloodstained altar of Trog.
  2933 | D:4      | Found a one-way gate to the infinite horrors of the Abyss.
  2940 | D:4      | Found a corrupted altar of Lugonu.
  2946 | D:4      | Voluntarily entered the Abyss.
  2973 | Abyss:1  | Noticed an ancient zyme
  3053 | Abyss:2  | Noticed a smoke demon
  3054 | D:4      | Escaped the Abyss
  3512 | D:4      | Reached XP level 7. HP: 47/59 MP: 10/10
  3637 | D:4      | Found a shimmering altar of Xom.
  4021 | D:5      | Entered Level 5 of the Dungeon
  4098 | D:5      | Reached XP level 8. HP: 62/67 MP: 12/12
  4133 | D:5      | Reached *** piety under Lugonu
  4141 | D:5      | You fall into a shaft and drop 1 floor!
  4143 | D:6      | Found a transporter.
  4147 | D:6      | Reached skill level 5 in Dodging
  4386 | D:6      | Found a transporter.
  4546 | D:1      | Bought a glimmering hand axe for 200 gold pieces
  4546 | D:1      | Identified the +12 hand axe "Qiawkol" {venom, Int+3} (You
                  | bought it in a shop on level 1 of the Dungeon)
  4622 | D:4      | Voluntarily entered the Abyss.
  4630 | Abyss:1  | Noticed a thrashing horror
  4709 | Abyss:2  | Noticed a shining eye
  4715 | Abyss:2  | Gained mutation: You are clumsy. (Dex -2) [a shining eye]
  4718 | Abyss:2  | Killed a shining eye
  4719 | Abyss:2  | Reached XP level 9. HP: 67/73 MP: 13/15
  4776 | Abyss:2  | Noticed a starcursed mass
  4792 | Abyss:2  | Killed a starcursed mass
  4794 | Abyss:2  | Killed a starcursed mass
  4796 | Abyss:2  | Killed a starcursed mass
  4819 | Abyss:2  | HP: 2/74 [large abomination (22)]
  4820 | D:4      | Escaped the Abyss
  5146 | D:4      | Voluntarily entered the Abyss.
  5146 | Abyss:1  | Found a corrupted altar of Lugonu.
  5246 | Abyss:1  | Noticed a soul eater
  5247 | D:4      | Escaped the Abyss
  5254 | D:4      | Voluntarily entered the Abyss.
  5323 | D:4      | Escaped the Abyss
  6221 | D:6      | Reached XP level 10. HP: 60/80 MP: 17/17
  6369 | D:6      | Found a radiant altar of Vehumet.
  6375 | D:6      | Found an opulent altar of Gozag.
  6448 | D:6      | Found an iron altar of Okawaru.
  6715 | D:6      | Reached skill level 5 in Short Blades
  6715 | D:6      | Reached skill level 5 in Long Blades
  6715 | D:6      | Reached skill level 5 in Maces & Flails
  6715 | D:6      | Reached skill level 5 in Polearms
  6715 | D:6      | Reached skill level 5 in Staves
  6715 | D:6      | Reached skill level 5 in Slings
  6715 | D:6      | Reached skill level 5 in Bows
  6715 | D:6      | Reached skill level 5 in Crossbows
  6715 | D:6      | Reached skill level 5 in Throwing
  6715 | D:6      | Reached skill level 5 in Stealth
  6715 | D:6      | Reached skill level 5 in Shields
  6715 | D:6      | Reached skill level 5 in Unarmed Combat
  6715 | D:6      | Reached skill level 5 in Spellcasting
  6715 | D:6      | Reached skill level 5 in Evocations
  6999 | D:6      | Found an ancient bone altar of Kikubaaqudgha.
  7003 | D:6      | Noticed Menkaure
  7009 | D:6      | Found a basalt altar of Yredelemnul.
  7495 | D:6      | Killed Menkaure
  8118 | D:7      | Noticed Joseph
  8127 | D:7      | Killed Joseph
  8308 | D:7      | Noticed a boulder beetle
  8309 | D:7      | Noticed a two-headed ogre
  8309 | D:7      | Noticed a manticore
  8313 | D:7      | Noticed a two-headed ogre
  8314 | D:7      | Noticed a seven-headed hydra
  8327 | D:7      | Killed a boulder beetle
  8327 | D:7      | Killed a two-headed ogre
  8338 | D:7      | HP: 3/82 [six-headed hydra (13)]
  8340 | D:7      | Slain by a six-headed hydra

Illustrated notes

Levels and vault maps discovered:
D:1:      minmay_arrival_glassed_features, layout_basic, serial_shops,
          shop_fountains, nicolae_shop_statue_plus, shop, shop, shop,
          hellmonk_ecumenical_altar_leap_of_faith, minmay_lizard_king
D:2:      layout_rooms, minmay_misc_feat_alley
D:3:      layout_basic, minmay_cut_off, uniq_crazy_yiuf_cottage
D:4:      layout_loops_ring, trog_ov_bears_minmay, kennysheep_little_box,
          serial_shops, shop, amcnicky_altar_lugonu_corruption
D:5:      layout_loops_cross, st_stairs_2, serial_bayou_pond_b
D:6:      wad_lake_hut, layout_cave_pools, mainiacjoe_overflow_catwalk,
          mainiacjoe_overflow_large_starburst, gammafunk_temple_of_torment
D:7:      minmay_blocky_corners, layout_loops_ring,
          minmay_temple_entry_drinking_statues, corexii_item_surrounded_by_moat,
          uniq_joseph

Skill      XL: |  1  2  3  4  5  6  7  8  9 10 |
---------------+-------------------------------+-----
Short Blades   | 1 2 4 5 |  5.5
Long Blades    | 1 2 4 5 |  5.5
Maces & Flails | 1 2 4 5 |  5.5
Polearms       | 1 2 4 5 |  5.5
Staves         | 1 2 4 5 |  5.5
Slings         | 1 2 4 5 |  5.5
Bows           | 1 2 4 5 |  5.5
Crossbows      | 1 2 4 5 |  5.5
Throwing       | 1 2 4 5 |  5.5
Stealth        | 1 2 4 5 |  5.5
Shields        | 1 2 4 5 |  5.5
Unarmed Combat | 1 2 4 5 |  5.5
Spellcasting   | 1 2 4 5 |  5.5
Evocations     | 1 2 4 5 |  5.5
Conjurations   | 1 2 3 4 |  4.6
Hexes          | 1 2 3 4 |  4.6
Summonings     | 1 2 3 4 |  4.6
Necromancy     | 1 2 3 4 |  4.6
Translocations | 1 2 3 4 |  4.6
Transmutations | 1 2 3 4 |  4.6
Fire Magic     | 1 2 3 4 |  4.6
Ice Magic      | 1 2 3 4 |  4.6
Air Magic      | 1 2 3 4 |  4.6
Earth Magic    | 1 2 3 4 |  4.6
Poison Magic   | 1 2 3 4 |  4.6
Dodging        | 3 4 6 7 8 |  8.3
Invocations    | 5 6 7 |  7.7
Axes           | 5 6 7 |  7.3
Armour         | 5 6 7 |  7.3
Fighting       | 7 8 |  8.7

Action                   |  1- 3 |  4- 6 |  7- 9 | 10-12 || total
-------------------------+-------+-------+-------+-------++-------
Melee: Hand axe          |    99 |   141 |   184 |    55 ||   479
       Bite              |     6 |    16 |    25 |     8 ||    55
       Punch             |     1 |     1 |     3 |     2 ||     7
       Falchion          |       |       |       |     4 ||     4
Throw: Dart              |       |     2 |       |       ||     2
Invok: Depart the Abyss  |     1 |     1 |     3 |       ||     5
       Bend Space        |       |       |       |     2 ||     2
  Use: Scroll            |     2 |     3 |       |     6 ||    11
       Potion            |       |     1 |       |     5 ||     6
Armor: Ring mail         |    39 |    20 |       |       ||    59
       Skin              |       |     3 |       |       ||     3
       Chain mail        |       |    46 |       |       ||    46
       Scale mail        |       |    11 |    82 |    40 ||   133
Dodge: Dodged            |    45 |    58 |    90 |    47 ||   240
Block: Other             |    11 |    29 |    37 |    19 ||    96
       Reflection        |     1 |       |       |       ||     1
       Rpst.: Falchion   |       |       |       |     1 ||     1

Table legend: (Time is in decaauts)
 A = Elapsed time spent in this place.
 B = Non-inter-level travel time spent in this place.
 C = Inter-level travel time spent in this place.
 D = Time resting spent in this place.
 E = Time spent auto-exploring this place.
 F = Levels seen in this place.
 G = Mean time per level.
                   A        B        C        D        E       F      G
               +--------+--------+--------+--------+--------+-----+--------+
         Total |   8406 |   7959 |    447 |   1367 |   5040 |  15 |  560.4 |
       Dungeon |   7861 |   7414 |    447 |   1336 |   4767 |   7 | 1123.0 |
         Abyss |    545 |    545 |      0 |     31 |    273 |   8 |   68.1 |
               +--------+--------+--------+--------+--------+-----+--------+

Top non-repeatable levels by time:
     D:6: 2010 daAuts
     D:4: 1750 daAuts
     D:3: 1396 daAuts
     D:1: 862 daAuts
     D:5: 811 daAuts
     D:2: 531 daAuts
     D:7: 498 daAuts
 Abyss:1: 286 daAuts
 Abyss:2: 259 daAuts
